Construct Infanterie Kompanie
Selects Luftwaffe Battlegroup
Selects Luftwaffe Pioneer Support
Fallschirmpioneer Squad Paradrop
Fallschirmpioneer Squad Paradrop
Selects Stuka Strafing Run
Construct Luftwaffe Kompanie
Selects Fallschirmjäger Squad Paradrop
Luftwaffe Officer Quarters
Construct Panzergrenadier Kompanie
Nebelwerfer 42 Rocket Launcher Team
Panzergrenadier Officer Quarters
Fallschirmpioneer Squad Paradrop
Construct Panzer Kompanie
Selects LG40 Recoilless Gun Paradrop
Selects Flak 36 Anti-tank Gun Emplacement
LG40 Recoilless Gun Paradrop
Fallschirmpioneer Squad Paradrop
Fallschirmpioneer Squad Paradrop
Fallschirmpioneer Squad Paradrop
Nebelwerfer 42 Rocket Launcher Team
Fallschirmpioneer Squad Paradrop